 Dungeon Crawl Stone Soup version 0.26.1-2-gb8aa6d0cf2 (webtiles) character file.

Game seed: 10318081211765910567

4059 Doot the Geomancer (level 10, -2/55 HPs)
             Began as a Gargoyle Earth Elementalist on Mar 9, 2021.
             Was a Follower of Sif Muna.
             Slain by a wyvern (13 damage)
             ... on level 8 of the Dungeon.
             The game lasted 00:15:20 (10161 turns).

Doot the Geomancer (Gargoyle Earth Elementalist)   Turns: 10161, Time: 00:15:21

Health: -2/55      AC: 12    Str: 11    XL:     10   Next: 25%
Magic:  1/22       EV: 14    Int: 20    God:    Sif Muna [*.....]
Gold:   176        SH:  0    Dex: 13    Spells: 14/25 levels left

rFire    + + .     SeeInvis .   I - +7 mace of Variability {chain chaos}
rCold    . . .     Faith    .   (shield currently unavailable)
rNeg     + . .     Spirit   .   n - +1 robe {rF+}
rPois    ∞         Reflect  .   A - +0 helmet "Hiann" {Will+ Dex+3} (curse)
rElec    +         Harm     .   M - +0 cloak
rCorr    +         Rampage  .   (no gloves)
Will     +....                  (no boots)
Stlth    +++.......             (no amulet)
HPRegen  0.18/turn              a - ring of resist corrosion
MPRegen  0.18/turn              q - ring of protection from fire

@: no status effects
A: negative energy resistance 1, electricity resistance, unbreathing,
petrification resistance, miasma immunity, AC +7
a: Renounce Religion, Channel Magic


You were on level 8 of the Dungeon.
You worshipped Sif Muna.
Sif Muna was aware of your devotion.
You visited 2 branches of the dungeon, and saw 9 of its levels.

You collected 332 gold pieces.
You spent 156 gold pieces at shops.

Inventory:

Hand Weapons
 e - a +0 spear
 f - a +0 whip
 l - a +0 quarterstaff of draining
 m - a +2 dagger of venom
 I - the +7 mace of Variability (weapon) {chain chaos}
   (You found it on level 8 of the Dungeon)

   Each time it hits an enemy it has a different, random effect.
Missiles
 b - 210 stones
Armour
 c - a +0 robe
 n - a +1 robe of fire resistance (worn)
 A - the cursed +0 helmet "Hiann" (worn) {Will+ Dex+3}
   (You found it on level 7 of the Dungeon)

   It affects your dexterity (+3).
   It affects your willpower, your defense against some magical effects.
   It has a curse placed upon it.
 M - a +0 cloak (worn)
Jewellery
 a - a ring of resist corrosion (left hand)
 q - a ring of protection from fire (right hand)
 u - a cursed -4 ring of dexterity {unknown}
 D - an uncursed ring of willpower {unknown}
Wands
 o - a wand of flame (43)
 s - a wand of polymorph (5)
 B - a wand of enslavement (8)
 J - a wand of iceblast (8)
Scrolls
 d - 17 scrolls of identify {unknown}
 g - 2 scrolls of random uselessness {unknown}
 k - a scroll of blinking {unknown}
 p - 8 scrolls of teleportation {unknown}
 r - 3 scrolls of magic mapping {unknown}
 w - a scroll of immolation {unknown}
 y - a scroll of enchant weapon {unknown}
 C - 3 scrolls of remove curse {unknown}
 E - 2 scrolls of amnesia {unknown}
 F - a scroll of brand weapon {unknown}
 G - a scroll of enchant armour {unknown}
 L - a scroll of fog {unknown}
Potions
 h - a potion of haste
 i - 2 potions of heal wounds {unknown}
 j - 3 potions of attraction {unknown}
 t - 3 potions of might {unknown}
 v - 2 potions of magic {unknown}
 x - 2 potions of mutation
 z - a potion of lignification {unknown}
 H - 4 potions of curing
 K - a potion of brilliance {unknown}


   Skills:
 + Level 2.9 Fighting
 + Level 3.2 Short Blades
 + Level 1.5 Maces & Flails
 + Level 3.9 Dodging
 + Level 4.4 Stealth
 + Level 8.3 Spellcasting
 + Level 2.1 Conjurations
 + Level 0.7 Transmutations
 + Level 10.7 Earth Magic


You had 14 spell levels left.
You knew the following spells:

 Your Spells              Type           Power        Failure   Level
a - Sandblast             Erth           100%         1%          1
b - Stone Arrow           Conj/Erth      68%          1%          3
c - Lee's Rapid Deconstr  Erth           25%          2%          5
d - Blink                 Tloc           N/A          13%         2

Your spell library contained the following spells:

 Spells                   Type           Power        Failure   Level
 Passwall                 Tmut/Erth      25%          1%          2
 Magic Dart               Conj           64%          3%          1
 Petrify                  Tmut/Erth      31%          8%          4
 Call Imp                 Summ           8%           13%         2
 Slow                     Hex            8%           13%         2
 Conjure Flame            Conj/Fire      12%          16%         3
 Mephitic Cloud           Conj/Pois/Air  11%          19%         3


Dungeon Overview and Level Annotations

Branches:
Dungeon (8/15)             Temple (1/1) D:6
   Lair: D:8-11

Altars:
Ashenzari
Cheibriados
Dithmenos
Elyvilon
Fedhas
Gozag
Hepliaklqana
Kikubaaqudgha
Makhleb
Nemelex Xobeh
Okawaru
Qazlal
Ru
Sif Muna
Trog
Uskayaw
Vehumet
Wu Jian
Xom
Yredelemnul
Zin
The Shining One

Shops:
D:8 !*

Annotations:
D:6 3 runed translucent doors, H0rd4k's ghost, novice HuAr


Innate Abilities, Weirdness & Mutations

You are resistant to torment.
Your stone body is resilient. (AC +7)
You are immune to poison.
You resist negative energy. (rN+)
You are resistant to electric shocks. (rElec)
You can survive without breathing.
You are immune to petrification.
You are immune to miasma.


Message History

The blast of rock fragments hits the wyvern!
The wyvern is moderately wounded.
The wyvern misses you. The wyvern bites you.
Unknown command.
Casting: Lee's Rapid Deconstruction (dangerous; 2% risk of failure)
Confirm with . or Enter, or press ? or * to list all spells.
You don't have enough magic to cast that spell.
Unknown command.
Casting: Lee's Rapid Deconstruction (dangerous; 2% risk of failure)
Confirm with . or Enter, or press ? or * to list all spells.
Aiming: Stone Arrow (safe; 1% risk of failure)
Press: ? - help, Shift-Dir - straight line The stone arrow misses the wyvern.
The wyvern misses you.
Unknown command.
The wyvern bites you!
* * * LOW HITPOINT WARNING * * *
The wyvern bites you but does no damage.
The wyvern misses you.
You fail to use your ability.
The wyvern bites you!
You die...

## #. #. ## #. #. ##### ### ####.
#. ##### ####...###.###....
)###.#.## ###@..###........##.
(.......# ####.l#####.#.#####....
........###...l## ##### #....
#.###.........## #..#.
#..######.##### #....
##############################.#.
.................................
##.#######.####.....####.....#.#.
#........[# #.....#............


You could see a komodo dragon and a wyvern.

Vanquished Creatures
  Pikel (Temple)
  Eustachio (D:5)
  2 chaos spawn (D:8)
  3 orc warriors (D:8)
  A swamp drake (D:8)
  2 sky beasts
  2 ice beasts
  3 phantoms
  2 ogres (D:5)
  2 centaurs (D:8)
  A big kobold (D:7)
  6 bullfrogs
  9 wights
  2 howler monkeys (D:5)
  2 bullfrog skeletons
  3 hounds
  A bullfrog zombie (D:5)
  A centaur skeleton (D:5)
  A jelly (D:7)
  5 orc priests
  Crazy Yiuf (D:3)
  An iguana (D:7)
  7 orc wizards
  A worker ant (D:6)
  2 hound skeletons (D:7)
  A howler monkey skeleton (D:5)
  8 gnolls
  4 adders
  2 shadow imps
  2 white imps
  2 ufetubi
  An ooze (D:3)
  2 adder skeletons
  4 worms
  3 dart slugs
  3 leopard geckos
  39 orcs
  6 bats
  4 giant cockroaches
  9 goblins
  8 hobgoblins
  7 jackals
  4 quokkas
  7 frilled lizards
  A jackal skeleton (D:5)
  12 kobolds
  A leopard gecko skeleton (D:4)
  A leopard gecko zombie (D:7)
  A quokka zombie (D:8)
  5 rats
199 creatures vanquished.

Vanquished Creatures (others)
  A plant (D:4)
1 creature vanquished.

Grand Total: 200 creatures vanquished

Notes
Turn   | Place    | Note
-------+----------+-------------------------------------------
     0 | D:1      | Doot the Gargoyle Earth Elementalist began the quest for
                  | the Orb.
     0 | D:1      | Reached XP level 1. HP: 10/10 MP: 3/3
    97 | D:1      | Reached skill level 4 in Earth Magic
    97 | D:1      | Reached XP level 2. HP: 15/15 MP: 3/5
   564 | D:2      | Reached XP level 3. HP: 19/19 MP: 4/6
   667 | D:3      | Learned a level 3 spell: Stone Arrow
   979 | D:4      | Reached XP level 4. HP: 24/24 MP: 3/8
  1071 | D:4      | Reached skill level 5 in Earth Magic
  1146 | D:4      | Reached XP level 5. HP: 14/28 MP: 5/9
  1663 | D:4      | Learned a level 5 spell: Lee's Rapid Deconstruction
  1694 | D:4      | Reached skill level 6 in Earth Magic
  2000 | D:4      | Reached XP level 6. HP: 26/32 MP: 8/11
  2110 | D:5      | Entered Level 5 of the Dungeon
  2232 | D:5      | Noticed a phantom
  2270 | D:5      | Killed a phantom
  2656 | D:5      | Noticed a phantom
  2664 | D:5      | Killed a phantom
  2665 | D:5      | Reached XP level 7. HP: 37/37 MP: 6/13
  2735 | D:5      | Reached skill level 1 in Short Blades
  2735 | D:5      | Reached skill level 7 in Earth Magic
  2836 | D:5      | Found a sacrificial altar of Ru.
  2966 | D:5      | Reached skill level 5 in Spellcasting
  3037 | D:5      | Noticed Eustachio
  3049 | D:5      | Killed Eustachio
  3050 | D:5      | Reached skill level 1 in Fighting
  3050 | D:5      | Reached XP level 8. HP: 30/43 MP: 10/15
  3568 | D:6      | Found a staircase to the Ecumenical Temple.
  3570 | D:6      | Noticed Pikel
  3573 | Temple   | Entered the Ecumenical Temple
  3990 | Temple   | Killed Pikel
  3991 | Temple   | Reached skill level 8 in Earth Magic
  4190 | D:6      | Found a runed translucent gate.
  4191 | D:6      | Found a runed translucent gate.
  4192 | D:6      | Found a runed translucent gate.
  4194 | D:6      | Found an opulent altar of Gozag.
  4196 | D:6      | Noticed H0rd4k's ghost (novice HuAr)
  4197 | D:6      | Noticed a deep elf mage
  4623 | D:6      | Found an iron altar of Okawaru.
  4632 | D:6      | Found a hide-covered altar of Uskayaw.
  4632 | D:6      | Found a broken altar of Ashenzari.
  4632 | D:6      | Found a basalt altar of Yredelemnul.
  4634 | D:6      | Found a stormy altar of Qazlal.
  4842 | D:7      | Reached XP level 9. HP: 43/48 MP: 12/18
  4846 | D:7      | Reached skill level 9 in Earth Magic
  5693 | D:7      | Found a shadowy altar of Dithmenos.
  5751 | D:7      | Got a smoking helmet
  5756 | D:7      | Identified the cursed +0 helmet "Hiann" {Will+ Dex+3} (You
                  | found it on level 7 of the Dungeon)
  6273 | D:8      | Reached skill level 1 in Conjurations
  6285 | D:8      | Reached skill level 10 in Earth Magic
  7006 | D:8      | Reached XP level 10. HP: 35/54 MP: 13/21
  7216 | D:8      | Found a glowing silver altar of Zin.
  7216 | D:8      | Found a shimmering blue altar of Sif Muna.
  7223 | D:8      | Became a worshipper of Sif Muna the Loreminder
  7251 | D:8      | Found the +7 mace of Variability {chain chaos}
  7253 | D:8      | Found a shimmering altar of Xom.
  7436 | D:8      | Found Pawih's Distillery.
  7446 | D:8      | Bought a potion of mutation for 104 gold pieces
  7446 | D:8      | Bought a potion of curing for 39 gold pieces
  7446 | D:8      | Bought a potion of degeneration for 13 gold pieces
  8803 | D:3      | Reached * piety under Sif Muna
  9301 | D:3      | Learned a level 2 spell: Blink
  9530 | D:3      | Found a runed translucent door.
  9531 | D:3      | Noticed Crazy Yiuf
  9634 | D:3      | Killed Crazy Yiuf
  9913 | D:8      | Found Qoaffumm's Assorted Antiques.
  9918 | D:8      | Reached skill level 1 in Maces & Flails
 10161 | D:8      | Slain by a wyvern

Illustrated notes

Levels and vault maps discovered:
D:1:      ncdulo_halloftheorcs, layout_rooms, hex_intersection
D:2:      layout_basic, dk_noncrumbling_3, kennysheep_cross_bottleneck
D:3:      layout_loops_ring, uniq_crazy_yiuf_cottage
D:4:      layout_loops_cross, serial_bayou_pond_d
D:5:      layout_loops_ring, kennysheep_little_box, uniq_eustachio
D:6:      layout_loops_ring, minitemple, minmay_temple_entry_arrows,
          ebering_ghost_gozag, uniq_pikel
D:7:      layout_cave_pools, nicolae_dithmenos_through_a_glass_darkly
D:8:      layout_basic, gammafunk_temple_overflow_statue, erik_lair_dragon,
          serial_shops, nicolae_shop_stone, shop_statue,
          minmay_guarded_unrand_variability
Temple:   oiseaux_autumnal_temple

Skill      XL: |  1  2  3  4  5  6  7  8  9 10 |
---------------+-------------------------------+-----
Earth Magic    | 4 5 6 7 8 10 | 10.7
Dodging        | 2 3 |  3.9
Spellcasting   | 3 4 5 6 7 8 |  8.3
Stealth        | 3 4 |  4.4
Short Blades   | 1 2 3 |  3.2
Fighting       | 1 2 |  2.9
Conjurations   | 2 |  2.1
Maces & Flails | 1 |  1.5
Transmutations | |  0.7

Action                   |  1- 3 |  4- 6 |  7- 9 | 10-12 || total
-------------------------+-------+-------+-------+-------++-------
Melee: Whip              |     5 |     4 |       |       ||     9
       Spear             |     4 |       |       |       ||     4
       Quarterstaff      |       |     1 |       |       ||     1
       Dagger            |       |    46 |   129 |     4 ||   179
       Great mace        |       |       |       |    74 ||    74
 Cast: Sandblast         |    36 |    56 |    41 |    10 ||   143
       Lee's Rapid Decon |       |     3 |    18 |     9 ||    30
       Stone Arrow       |       |       |    33 |    17 ||    50
 Stab: Sleeping          |     1 |       |     1 |     6 ||     8
Armor: Robe              |     7 |    18 |    76 |    38 ||   139
Dodge: Dodged            |    12 |    54 |   116 |    78 ||   260
